 Dungeon Crawl Stone Soup version 0.31-a0-507-gbafd7f5274 (webtiles) character file.

Game seed: 5005502568513724252

60 LobsterGuardian the Ruffian (level 3, -1/21 HPs)
             Began as a Draconian Shapeshifter on Aug 10, 2023.
             Slain by a gnoll
             ... wielding a +0 halberd
              (10 damage)
             ... on level 2 of the Dungeon.
             The game lasted 00:02:05 (846 turns).

LobsterGuardian the Ruffian (Draconian Shapeshifter) Turns: 846, Time: 00:02:05

Health: -1/21      AC:  5    Str: 19    XL:     3   Next: 80%
Magic:  3/3        EV: 12    Int: 14    God:
Gold:   44         SH:  0    Dex: 11    Spells: 2/2 levels left

rFire   . .          .
                       - Unarmed
rCold   . . .        (shield currently unavailable)
rNeg    . . .        (body armour unavailable)
rPois   .            (helmet restricted)
rElec   .            (no cloak)
rCorr   .            (no gloves)
SInv    .            (no boots)
Will    .....        (no amulet)
Stlth   +            d - +6 ring of intelligence
HPRegen 0.23/turn    (no ring)
MPRegen 0.08/turn

%: no passive effects
@: flux-form, glowing
A: glow, contaminating, reduced hp, AC +5, unfitting armour, cold-blooded
a: Begin Untransformation


You were on level 2 of the Dungeon.
You were something dangerously unstable.
You visited 1 branch of the dungeon, and saw 2 of its levels.

You collected 44 gold pieces.

Inventory:

Jewellery
 d - a +6 ring of intelligence (left hand)
Talismans
 b - a beast talisman
 c - a flux talisman (active)
Scrolls
 j - a scroll of silence {unknown}
 k - a scroll of enchant armour {unknown}
Potions
 a - a potion of lignification
 e - 2 potions of heal wounds
 h - a potion of degeneration {unknown}
 i - a potion of resistance


   Skills:
 + Level 1.1 Fighting
 + Level 2.0 Dodging
 * Level 3.7 Unarmed Combat
 * Level 3.7 Shapeshifting


You had 2 spell levels left.
You didn't know any spells.
Your spell library was empty.

Dungeon Overview and Level Annotations

Branches:
Dungeon (2/15)

Altars:


Innate Abilities, Weirdness & Mutations

You are something dangerously unstable.
You glow with magical radiation, making you easy to see and hit.
Foes you strike become dangerously contaminated with magical radiation.
Your maximum health is decreased, since you lack skill for your form.
You are incapable of wielding weapons or throwing items.
Your plain brown scales are hard. (AC +5)
You cannot fit into any form of body armour.
You are cold-blooded and may be slowed by cold attacks.


Message History

The jackal shudders as magic cascades through it!!
You kill the jackal!
It was a potion of curing.
You feel better.
The jackal bites you but does no damage.
The jackal misses you.
You hit the jackal.
The jackal begins to glow.
The jackal is moderately wounded.
The jackal barely misses you.
You hit the jackal.
The jackal glows dangerously bright.
The jackal is severely wounded.
The jackal closely misses you.
You hit the jackal.
The jackal shudders as magic cascades through it!
You kill the jackal!
You hit the kobold but do no damage.
The kobold begins to glow.
The kobold barely misses you.
You hit the kobold.
The kobold glows dangerously bright.
You tail-slap the kobold.
The kobold is severely wounded.
The kobold barely misses you.
You closely miss the kobold.
The kobold is severely wounded.
The kobold closely misses you.
You hit the kobold but do no damage.
The kobold shudders as magic cascades through it!!
You kill the kobold!
You hit the gnoll.
The gnoll begins to glow.
The gnoll is lightly wounded.
The gnoll hits you with a +0 club.
You hit the gnoll but do no damage.
The gnoll glows dangerously bright.
The gnoll is lightly wounded.
The gnoll hits you with a +0 club.
You hit the gnoll but do no damage.
The gnoll shudders as magic cascades through it!!
You kill the gnoll!
You barely miss the gnoll.
You tail-slap the gnoll, but do no damage.
The gnoll hits you with a +0 flail!
The gnoll hits you from afar with a +0 halberd!
You die...

##########
.........#############
########........Bgg..#
############wr####
#..B.....#
#..g.r.....#
#.....(......#
..g...w......!#
...............#
................
.....!..........


You could see 2 gnolls, a dart slug and a rat.

Vanquished Creatures
  A gnoll (D:2)
  An adder (D:2)
  A dart slug (D:1)
  A bat (D:1)
  7 endoplasms
  4 giant cockroaches
  2 goblins (D:1)
  3 hobgoblins (D:1)
  2 jackals (D:2)
  A quokka (D:1)
  4 ball pythons
  2 frilled lizards
  4 kobolds
  3 rats (D:1)
36 creatures vanquished.

Notes
Turn   | Place    | Note
-------+----------+-------------------------------------------
     0 | D:1      | LobsterGuardian the Draconian Shapeshifter began the quest
                  | for the Orb.
     0 | D:1      | Reached XP level 1. HP: 16/16 MP: 1/1
    94 | D:1      | Reached XP level 2. HP: 13/23 MP: 2/2
   526 | D:1      | Reached XP level 3. HP: 20/28 MP: 3/3
   846 | D:2      | Slain by a gnoll

Illustrated notes

Levels and vault maps discovered:
D:1:      dpeg_arrival_arbitrary_b, layout_basic
D:2:      kennysheep_big_flooded_room, layout_rooms, uniq_jessica

Skill      XL: |  1  2  3 |
---------------+----------+-----
Dodging        | 2 |  2.0
Fighting       | |  1.1
Unarmed Combat | |  3.7
Shapeshifting  | |  3.7

Action                     || total
---------------------------++-------
  Melee: Unarmed           ||   102
         Tailslap          ||    13
    Use: Scroll            ||     2
         Potion            ||     2
 Armour: Skin              ||    24
  Dodge: Dodged            ||    80
   Form: Flux              ||     1

Table legend: (Time is in decaauts)
 A = Elapsed time spent in this place.
 B = Non-inter-level travel time spent in this place.
 C = Inter-level travel time spent in this place.
 D = Time resting spent in this place.
 E = Time spent auto-exploring this place.
 F = Levels seen in this place.
 G = Mean time per level.
                   A        B        C        D        E       F      G
               +--------+--------+--------+--------+--------+-----+--------+
         Total |    840 |    810 |     30 |      0 |    611 |   2 |  420.0 |
       Dungeon |    840 |    810 |     30 |      0 |    611 |   2 |  420.0 |
               +--------+--------+--------+--------+--------+-----+--------+

Top non-repeatable levels by time:
     D:1: 683 daAuts
     D:2: 156 daAuts
